 Dungeon Crawl Stone Soup version 0.22.1-1-ga44c0e5 (webtiles) character file.

254660 aMcNicky the Bludgeoner (level 19, -4/154 HPs)
             Began as a Grey Draconian Fighter on Aug 31, 2018.
             Was a High Priest of Okawaru.
             Slain by an Executioner (18 damage)
             ... on level 5 of the Abyss on Sept 22, 2018.
             The game lasted 02:44:50 (42810 turns).

aMcNicky the Bludgeoner (Grey Draconian Fighter)   Turns: 42810, Time: 02:44:51

Health: -4/154     AC: 22    Str: 24    XL:     19   Next: 2%
Magic:  0/31       EV: 31    Int: 11    God:    Okawaru [*****.]
Gold:   1394       SH: 17    Dex: 26    Spells: 18/18 levels left

rFire    + + .     SeeInvis .   T - +4 morningstar (holy)
rCold    + . .     Gourm    .   g - +2 shield "Orygry" {MP+9}
rNeg     + . .     Faith    .   (armour unavailable)
rPois    +         Spirit   +   X - +2 hat of Objectivity {rPois Int+3}
rElec    .         Reflect  .   R - scarf {rC+ rF+}
rCorr    +         Harm     .   P - +2 pair of gloves {Dex+3}
MR       ++...                  F - +1 pair of boots of Nionoiso {rCorr Dex+3}
Stlth    +++.......             S - amulet "Goclor" {Spirit rF+ rN+ Int+2}
HPRegen  0.35/turn              m - +5 ring of dexterity
MPRegen  0.22/turn              A - ring of protection from magic

@: agile, finesse, very slightly contaminated
A: walk through water, unfitting armour, blurry vision 1[+2], deterioration 1,
[dopey 2], frail 1, [low mp 2], screaming 1, weak 1, unbreathing, cold-blooded,
AC +15
}: 2/15 runes: abyssal, gossamer
a: Heroism, Finesse, Renounce Religion


You were on level 5 of the Abyss.
You worshipped Okawaru.
Okawaru was extremely pleased with you.
You were not hungry.

You visited 8 branches of the dungeon, and saw 32 of its levels.
You visited the Abyss 1 time.
You also visited: Ice Cave.

You collected 2797 gold pieces.
You spent 1403 gold pieces at shops.

Inventory:

Hand Weapons
 a - the +5 mace "Reacruq" {antimagic, Int+4, unknown}
   (Okawaru gifted it to you on level 3 of the Abyss)

   It reduces the magical energy of the wielder, and disrupts the spells and
   magical abilities of those hit.
   Natural abilities and divine invocations are not affected.
   It affects your intelligence (+4).
 i - the +2 mace "Xyihokuph" {holy, rElec}
   (Okawaru gifted it to you on level 15 of the Dungeon)

   It has been blessed by the Shining One to cause great damage to the undead
   and demons.
   It insulates you from electricity.
 M - a +2 demon whip of venom
 T - a +4 morningstar of holy wrath (weapon)
Armour
 g - the +2 shield "Orygry" (worn) {MP+9}
   (Okawaru gifted it to you on level 1 of the Depths)

   It affects your magic capacity (+9).
 F - the +1 pair of boots of Nionoiso (worn) {rCorr Dex+3}
   (Okawaru gifted it to you on level 3 of the Lair of Beasts)

   It affects your dexterity (+3).
   It provides partial protection from all sources of acid and corrosion.
 I - a +0 buckler of cold resistance
 P - a +2 pair of gloves of dexterity (worn)
 R - a scarf of resistance (worn)
 X - the +2 hat of Objectivity (worn) {rPois Int+3}
   (Okawaru gifted it to you on level 12 of the Dungeon)

   It affects your intelligence (+3).
   It protects you from poison.
Jewellery
 m - a +5 ring of dexterity (left hand)
 p - a +3 ring of evasion
 y - an uncursed ring of positive energy
 A - a ring of protection from magic (right hand)
 C - a +3 ring of strength
 S - the amulet "Goclor" (around neck) {Spirit rF+ rN+ Int+2}
   (You bought it in a shop on level 2 of the Orcish Mines)

   [amulet of guardian spirit]

   It causes incoming damage to be split between your health and magic.
   It affects your intelligence (+2).
   It protects you from fire.
   It protects you from negative energy.
Wands
 c - a wand of paralysis (51)
 q - a wand of random effects (8)
 G - a wand of disintegration (8)
 L - a wand of digging (34)
 O - a wand of flame (51)
 Q - a wand of acid (8)
 Y - a wand of clouds (4)
 Z - a wand of iceblast (44)
Scrolls
 f - 7 scrolls of enchant armour
 k - 2 scrolls of enchant weapon
 l - a scroll of identify {@r1}
 o - 6 scrolls of immolation
 s - 7 scrolls of amnesia
 t - 4 scrolls of magic mapping
 u - a scroll of random uselessness {unknown}
 v - 12 scrolls of remove curse {@r2}
 D - 2 scrolls of torment
 E - 2 scrolls of vulnerability {unknown}
 J - a scroll of fog {unknown}
 W - 2 scrolls of acquirement
Potions
 b - 2 potions of berserk rage {unknown}
 h - 2 potions of magic
 n - 4 potions of cancellation {unknown}
 r - 7 potions of flight
 w - 3 potions of lignification
 B - 2 potions of might
 K - 2 potions of brilliance {unknown}
 N - 7 potions of mutation
 V - 4 potions of agility
Miscellaneous
 H - a lamp of fire
Comestibles
 d - 45 rations


   Skills:
 + Level 16.3 Fighting
 + Level 18.7 Maces & Flails
 + Level 13.2 Dodging
 - Level 0.5 Stealth
 * Level 14.6 Shields
 - Level 10.3 Invocations
 + Level 12.1 Evocations


You had 18 spell levels left.
You didn't know any spells.
Your spell library contained the following spells:

 Spells                   Type           Power        Failure   Level  Hunger
 Beastly Appendage        Tmut           #.....       36%         1    ##.....
 Corona                   Hex            #......      36%         1    ##.....
 Sting                    Conj/Pois      #...         36%         1    ##.....
 Corpse Rot               Necr           N/A          50%         2    ###....
 Poisonous Vapours        Pois/Air       #.....       50%         2    ###....
 Slow                     Hex            #.......     50%         2    ###....
 Sticks to Snakes         Tmut           #.......     50%         2    ###....
 Sublimation of Blood     Necr           #.........   50%         2    ###....
 Inner Flame              Hex/Fire       #.......     73%         3    ####...
 Mephitic Cloud           Conj/Pois/Air  #.......     73%         3    ####...
 Portal Projectile        Hex/Tloc       #.....       73%         3    ####...
 Spider Form              Tmut/Pois      #.........   73%         3    ####...
 Cause Fear               Hex            #.........   98%         4    #####..
 Ice Form                 Ice/Tmut       #.......     98%         4    #####..
 Leda's Liquefaction      Hex/Erth       #.........   98%         4    #####..
 Olgreb's Toxic Radiance  Pois           #.......     98%         4    #####..
 Summon Lightning Spire   Summ/Air       #.......     98%         4    #####..
 Agony                    Necr           #.......     100%        5    ######.
 Blade Hands              Tmut           #.........   100%        5    ######.
 Bolt of Draining         Conj/Necr      #.........   100%        5    ######.
 Dispel Undead            Necr           #.......     100%        5    ######.
 Excruciating Wounds      Chrm/Necr      #.........   100%        5    ######.
 Irradiate                Conj/Tmut      #.........   100%        5    ######.
 Metabolic Englaciation   Hex/Ice        #.........   100%        5    ######.
 Silence                  Hex/Air        #.........   100%        5    ######.
 Venom Bolt               Conj/Pois      #.........   100%        5    ######.
 Bolt of Cold             Conj/Ice       #.........   100%        6    #######
 Conjure Ball Lightning   Conj/Air       #.........   100%        6    #######
 Deflect Missiles         Chrm/Air       #.........   100%        6    #######
 Freezing Cloud           Conj/Ice/Air   #.........   100%        6    #######
 Hydra Form               Tmut           #.........   100%        6    #######
 Ozocubu's Refrigeration  Ice            #.........   100%        6    #######
 Simulacrum               Ice/Necr       #.........   100%        6    #######
 Statue Form              Tmut/Erth      #........    100%        6    #######
 Dragon Form              Tmut           #.........   100%        7    #######
 Tornado                  Air            #.........   100%        9    #######


Dungeon Overview and Level Annotations

Branches:
Dungeon (15/15)            Temple (1/1) D:4            Lair (6/6) D:9
 Shoals (1/4) Lair:4       Spider (4/4) Lair:2        Slime (0/5) Lair:6
    Orc (2/2) D:9             Elf (0/3) Orc:2        Vaults (2/5) D:14
 Depths (1/5) D:15
  Crypt: Vaults:2-3

Altars:
Ashenzari
Cheibriados
Dithmenos
Elyvilon
Fedhas
Gozag
Hepliaklqana
Kikubaaqudgha
Makhleb
Nemelex Xobeh
Okawaru
Qazlal
Ru
Sif Muna
Trog
Uskayaw
Vehumet
Wu Jian
Xom
Yredelemnul
Zin
The Shining One
Beogh

Shops:
D:14 ?   Orc:2 [=*(

Portals:
Hell: Depths:1
Trove: D:14 (give +3 fire dragon scales)

Annotations:
D:14 2 transporters, Lutooj's ghost, journeyman MiFi
Lair:6 2 transporters, Alter's ghost, journeyman GrFi


Innate Abilities, Weirdness & Mutations

You can walk through water.
Your dull iron-grey scales are very hard. (AC +15)
You cannot fit into any form of body armour.
You can survive without breathing.
You are cold-blooded and may be slowed by cold attacks.
Your body sometimes deteriorates upon taking damage.
You are frail. (-10% HP)
You occasionally shout uncontrollably at your foes.
You are weak. (Str -2)
[Scrolls take you much longer to read.]
[You are very dopey. (Int -4)]
[Your magical capacity is very low. (-20% MP)]


Message History

The wretched star is severely damaged.
You feel like a meek peon again. You block the Executioner's attack.
The Executioner hits you but does no damage.
You block the Executioner's attack.
You hit the wretched star.
The wretched star is severely damaged.
The Executioner completely misses you. The Executioner barely misses you.
You block the Executioner's attack.
The wretched star pulses with an eldritch light!
Your vision blurs. x2
You bludgeon the wretched star!!
You destroy the wretched star!
Okawaru accepts your kill. You block the Executioner's attack.
The Executioner completely misses you. The Executioner misses you.
You closely miss the Executioner.
You tail-slap the Executioner, but do no damage.
The Executioner hits you!!
You die...

#. .≈ #.
##. .≈ ###
#. #$#
§##4##.##.#
...wX.≈21.#
.##.##.##@#
#§ ### §


You could see a tentacled starspawn, an Executioner, a blizzard demon, a chaos
spawn and a starspawn tentacle.

Vanquished Creatures
  Saint Roka (Orc:2)
  A bone dragon (Abyss:3)
  2 Executioners (Abyss:3)
  A kraken (Shoals:1)
  2 sphinxes (Vaults:1)
  2 tentacled starspawn (Abyss:3)
  Kirke (Spider:3)
  A daeva (Abyss:3)
  A tengu reaver (Vaults:1)
  Donald (Orc:1)
  A vault warden (Vaults:2)
  2 deep elf sorcerers (Vaults:1)
  6 emperor scorpions (Spider:4)
  2 ghost moths (Spider:4)
  3 cacodemons (Abyss:3)
  3 very ugly things
  A draconian stormcaller (Abyss:3)
  8 ironheart preservers
  3 entropy weavers (Spider:4)
  2 stone giants
  A deep elf demonologist (Vaults:2)
  A deep elf annihilator (Vaults:2)
  Azrael (D:15)
  2 deep elf death magi
  Snorg (Lair:3)
  2 ettins
  A green death (Abyss:3)
  Josephine (D:14)
  Fannar (D:10)
  A great orb of eyes (Depths:1)
  A rakshasa (Depths:1)
  5 hydras
  3 yaktaur captains
  7 centaur warriors
  20 two-headed ogres
  A merfolk aquamancer (Shoals:1)
  A death knight (Vaults:1)
  2 tengu warriors (D:14)
  6 death yaks (Lair:3)
  3 hell hogs (Abyss:3)
  3 ogre magi
  7 thrashing horrors
  An orc high priest (Orc:2)
  3 wretched stars
  Nergalle (D:11)
  15 small abominations
  Urug (Lair:1)
  4 deep elf knights
  31 large abominations
  3 skeletal warriors
  A sixfirhy (Abyss:3)
  4 deep trolls (Vaults:2)
  A flayed ghost (D:15)
  3 deep elf archers
  6 starcursed masses (Abyss:3)
  5 glowing orange brains
  6 ironbrand convokers
  An entropy weaver zombie (Vaults:2)
  5 phantasmal warriors
  11 orc knights
  4 necromancers
  30 ugly things
  A mana viper (shapeshifter) (Vaults:1)
  6 orc sorcerers
  3 fauns (Shoals:1)
  2 shining eyes (Abyss:3)
  17 wolf spiders
  12 orb spiders
  7 deep elf magi
  A merfolk siren (Shoals:1)
  A sphinx skeleton (Vaults:2)
  A moth of wrath (Spider:3)
  A tengu skeleton (Vaults:2)
  An iron dragon skeleton (D:15)
  4 cyclopes
  An elephant (D:9)
  3 manticores
  A human skeleton (Vaults:2)
  A fire giant skeleton (Vaults:2)
  A smoke demon (Abyss:3)
  5 black mambas
  A frost giant skeleton (D:15)
  Joseph (D:8)
  An ice statue (IceCv)
  A rust devil (Abyss:3)
  2 torpor snails (Spider:2)
  A spiny frog (shapeshifter) (D:14)
  3 gargoyles
  A water nymph (Shoals:1)
  8 spiny frogs
  3 kobold demonologists
  3 hellions
  An efreet (D:15)
  11 freezing wraiths
  A storm dragon simulacrum (Vaults:2)
  2 ancient zymes (Abyss:3)
  2 rime drakes (Lair:6)
  8 komodo dragons
  15 yaktaurs
  6 demonic crawlers
  A tengu conjurer (D:15)
  A polar bear (Lair:2)
  24 jumping spiders
  3 merfolk (Shoals:1)
  4 trolls
  A yaktaur skeleton (D:15)
  3 hornets
  An ice dragon zombie (D:15)
  26 slime creatures
  25 blink frogs
  3 flying skulls (Abyss:3)
  7 hippogriffs
  A meliai zombie (D:14)
  5 dream sheep (Lair:5)
  A snapping turtle (Shoals:1)
  A hippogriff (shapeshifter) (Depths:1)
  A frost giant simulacrum (Vaults:2)
  21 tarantellas
  A shadow (D:13)
  52 redbacks
  A vampire (D:14)
  A ynoxinul (Abyss:5)
  3 water elementals (Shoals:1)
  5 wraiths (D:14)
  41 yaks
  3 wyverns
  3 steam dragons
  A chaos spawn (Abyss:3)
  6 basilisks
  4 fire elementals (D:15)
  A hungry ghost (D:10)
  A golden eye (shapeshifter) (D:15)
  5 hogs
  Grum (D:11)
  5 neqoxecs (Abyss:3)
  2 golden eyes (Abyss:3)
  12 vampire mosquitoes
  3 soldier ants
  9 water moccasins
  7 wargs
  4 hell hounds (D:15)
  3 acid dragons
  A soldier ant (shapeshifter) (D:15)
  A swamp drake (Lair:6)
  2 floating eyes (Abyss:3)
  8 porcupines
  33 orc warriors
  4 sky beasts
  3 eyes of draining
  A necrophage (D:9)
  9 ice beasts
  3 black bears
  3 phantoms
  A boggart (D:14)
  20 ogres
  An orc skeleton (Vaults:2)
  8 wolves
  A centaur (shapeshifter) (Abyss:3)
  12 crocodiles
  24 centaurs
  5 big kobolds
  13 bullfrogs
  A gnoll sergeant (D:9)
  4 scorpions
  13 killer bees
  A swamp dragon simulacrum (IceCv)
  7 wights
  8 crimson imps
  6 howler monkeys
  A bullfrog zombie (D:10)
  6 hounds
  A quasit (D:7)
  4 centaur zombies
  4 draconian simulacra (IceCv)
  18 jellies
  27 orc priests
  37 orc wizards
  3 bullfrog skeletons
  8 iguanas
  14 hell rats
  13 worker ants
  A spriggan simulacrum (IceCv)
  A polar bear simulacrum (IceCv)
  2 wolf simulacra (IceCv)
  2 troll simulacra (IceCv)
  5 centaur simulacra (IceCv)
  A hound zombie (D:6)
  2 hound skeletons
  10 gnolls
  13 adders
  2 naga simulacra (IceCv)
  6 ogre simulacra (IceCv)
  7 shadow imps
  24 white imps
  An ufetubus (Abyss:3)
  An adder skeleton (D:4)
  5 worms
  11 dart slugs
  3 leopard geckos
  96 orcs
  8 giant cockroaches
  6 goblins
  5 hobgoblins
  14 jackals
  5 quokkas
  A ball python (D:4)
  9 bats
  2 frilled lizards
  25 kobolds
  2 leopard gecko skeletons
  A quokka skeleton (D:7)
  5 rats
  2 tentacles (Shoals:1)
1301 creatures vanquished.

Vanquished Creatures (others)
  A small abomination (Abyss:3)
  2 orc wizards
  An ufetubus (Abyss:3)
  A fungus (Lair:1)
  4 plants
  4 starspawn tentacles (Abyss:3)
  10 tentacles (Shoals:1)
  2 withered plants (D:15)
25 creatures vanquished.

Grand Total: 1326 creatures vanquished

Notes
Turn   | Place    | Note
-------+----------+-------------------------------------------
     0 | D:1      | aMcNicky the Draconian Fighter began the quest for the Orb.
     0 | D:1      | Reached XP level 1. HP: 19/19 MP: 1/1
   247 | D:1      | Reached XP level 2. HP: 26/26 MP: 2/2
   564 | D:1      | Reached skill level 3 in Maces & Flails
   947 | D:1      | Reached XP level 3. HP: 27/31 MP: 3/3
  1374 | D:2      | Reached skill level 4 in Maces & Flails
  1397 | D:2      | Reached XP level 4. HP: 38/38 MP: 4/4
  1797 | D:2      | Found a snail-covered altar of Cheibriados.
  2149 | D:2      | Reached skill level 5 in Maces & Flails
  2158 | D:2      | Reached XP level 5. HP: 42/45 MP: 5/5
  2744 | D:3      | Reached skill level 6 in Maces & Flails
  2744 | D:3      | Reached XP level 6. HP: 14/52 MP: 6/6
  3897 | D:4      | Found a staircase to the Ecumenical Temple.
  3903 | Temple   | Entered the Ecumenical Temple
  3994 | Temple   | Became a worshipper of Warmaster Okawaru
  4233 | D:4      | Reached skill level 7 in Maces & Flails
  4265 | D:4      | Your scales start taking on a dull iron-grey colour.
  4265 | D:4      | Reached XP level 7. HP: 41/59 MP: 7/7
  4265 | D:4      | Gained mutation: You can survive without breathing. [Grey
                  | Draconian growth]
  4759 | D:5      | Entered Level 5 of the Dungeon
  4837 | D:5      | Reached * piety under Okawaru
  4837 | D:5      | Reached skill level 8 in Maces & Flails
  4855 | D:5      | Found a hide-covered altar of Uskayaw.
  5098 | D:5      | Reached XP level 8. HP: 67/67 MP: 8/8
  5423 | D:6      | Reached skill level 9 in Maces & Flails
  5661 | D:6      | Reached ** piety under Okawaru
  5801 | D:6      | Noticed a two-headed ogre
  5817 | D:6      | Killed a two-headed ogre
  5817 | D:6      | Reached skill level 5 in Fighting
  5817 | D:6      | Reached skill level 10 in Maces & Flails
  5817 | D:6      | Reached XP level 9. HP: 45/74 MP: 6/9
  6916 | D:7      | Reached skill level 11 in Maces & Flails
  7436 | D:8      | Reached skill level 5 in Shields
  7506 | D:8      | Noticed Joseph
  7516 | D:8      | Noticed a two-headed ogre
  7530 | D:8      | Killed Joseph
  7530 | D:8      | Reached *** piety under Okawaru
  7879 | D:7      | Noticed a troll
  7899 | D:7      | Killed a troll
  7899 | D:7      | Reached XP level 10. HP: 62/84 MP: 10/10
  8001 | D:7      | Killed a two-headed ogre
  8001 | D:7      | Reached skill level 12 in Maces & Flails
  8001 | D:7      | Reached skill level 1 in Invocations
  8444 | D:8      | Reached **** piety under Okawaru
  8573 | D:9      | Found a staircase to the Lair.
  8617 | D:8      | Reached skill level 13 in Maces & Flails
  8755 | D:9      | Noticed an elephant
  8774 | D:9      | Killed an elephant
  9224 | D:9      | Reached ***** piety under Okawaru
  9333 | D:9      | Noticed a two-headed ogre
  9344 | D:9      | Killed a two-headed ogre
  9344 | D:9      | Reached skill level 14 in Maces & Flails
  9344 | D:9      | Reached XP level 11. HP: 70/93 MP: 12/12
  9678 | D:9      | Found a staircase to the Orcish Mines.
  9852 | D:9      | Upgraded the game from 0.22.0-38-g04b72b8 to
                  | 0.22.0-40-g68aacdc
  9857 | D:10     | Entered Level 10 of the Dungeon
 10060 | D:10     | Noticed Fannar
 10109 | D:10     | Killed Fannar
 10109 | D:10     | Reached skill level 1 in Evocations
 10238 | D:10     | Upgraded the game from 0.22.0-40-g68aacdc to
                  | 0.22.1-1-ga44c0e5
 10265 | D:9      | Received a gift from Okawaru
 10394 | D:10     | Noticed a two-headed ogre
 10447 | D:10     | Killed a two-headed ogre
 10786 | D:11     | Noticed a two-headed ogre
 10806 | D:11     | Killed a two-headed ogre
 11040 | D:11     | Noticed a brown ugly thing
 11066 | D:11     | Killed a brown ugly thing
 11146 | D:11     | Noticed a green ugly thing
 11153 | D:11     | Noticed a two-headed ogre
 11154 | D:11     | Killed a green ugly thing
 11167 | D:11     | Killed a two-headed ogre
 11265 | D:11     | Noticed Grum
 11279 | D:11     | Killed Grum
 11279 | D:11     | Received a gift from Okawaru
 11322 | D:11     | Noticed Nergalle
 11324 | D:11     | Noticed a two-headed ogre
 11335 | D:11     | Noticed a spectral orc warlord
 11335 | D:11     | Noticed a spectral orc warlord
 11350 | D:11     | Killed Nergalle
 11350 | D:11     | Reached skill level 5 in Dodging
 11357 | D:11     | Killed a two-headed ogre
 11357 | D:11     | Reached XP level 12. HP: 73/103 MP: 13/15
 12015 | Lair:1   | Entered Level 1 of the Lair of Beasts
 12082 | Lair:1   | Reached skill level 5 in Invocations
 12173 | Lair:1   | Received a gift from Okawaru
 12290 | Lair:1   | Noticed Urug
 12307 | Lair:1   | Killed Urug
 13112 | Lair:2   | Reached skill level 5 in Evocations
 13150 | Lair:2   | Reached skill level 10 in Fighting
 13197 | Lair:2   | Noticed a five-headed hydra
 13208 | Lair:2   | Killed a five-headed hydra
 13208 | Lair:2   | Reached skill level 15 in Maces & Flails
 13420 | Lair:2   | Found a hole to the Spider Nest.
 13984 | Lair:3   | Reached XP level 13. HP: 106/112 MP: 17/17
 14123 | Lair:3   | Reached ****** piety under Okawaru
 14157 | Lair:3   | Received a gift from Okawaru
 14187 | Lair:3   | Got a pair of pitted boots {god gift}
 14193 | Lair:3   | Identified the +1 pair of boots of Nionoiso {rCorr Dex+3}
                  | (Okawaru gifted it to you on level 3 of the Lair of Beasts)
 14290 | Lair:3   | Noticed Snorg
 14322 | Lair:3   | Killed Snorg
 15080 | Lair:4   | Found a staircase to the Shoals.
 15169 | Lair:4   | Found a white marble altar of Elyvilon.
 16386 | Lair:6   | Entered Level 6 of the Lair of Beasts
 16386 | Lair:6   | Found a transporter.
 16386 | Lair:6   | Noticed Alter's ghost (journeyman GrFi)
 16386 | Lair:6   | Noticed a dire elephant
 16421 | Lair:6   | Received a gift from Okawaru
 16487 | Lair:6   | Found a transporter.
 16620 | Lair:6   | Found a staircase to the Slime Pits.
 17209 | Lair:6   | Reached XP level 14. HP: 88/123 MP: 20/20
 17765 | Orc:1    | Entered Level 1 of the Orcish Mines
 17839 | Orc:1    | Noticed a stone giant
 17864 | Orc:1    | Killed a stone giant
 18060 | Orc:2    | Entered Level 2 of the Orcish Mines
 18128 | Orc:2    | Found a roughly hewn altar of Beogh.
 18290 | Orc:2    | Noticed Saint Roka
 18292 | Orc:2    | Noticed Donald
 18344 | Orc:1    | Killed Donald
 18473 | Orc:2    | Paralysed by an orc sorcerer for 3 turns
 18584 | Orc:2    | Reached skill level 10 in Shields
 18710 | Orc:2    | HP: 1/124 [Saint Roka/divine providence (15)]
 19129 | Orc:2    | Killed Saint Roka
 19129 | Orc:2    | Received a gift from Okawaru
 19224 | Orc:2    | Found a roughly hewn altar of Beogh.
 19598 | Orc:2    | Found Zot Apnu's General Store.
 19648 | Orc:2    | Bought a potion of agility for 56 gold pieces
 19648 | Orc:2    | Bought a potion of might for 56 gold pieces
 19852 | Orc:2    | Found a staircase to the Elven Halls.
 19962 | Orc:2    | Found Reyxzy's Antique Armour Shop.
 19968 | Orc:2    | Bought a pair of embroidered boots for 285 gold pieces
 19997 | Orc:2    | Found Noppit's Antique Weapon Shop.
 20087 | Orc:2    | Found Nobar's Jewellery Shop.
 20093 | Orc:2    | Bought the amulet "Goclor" {Spirit rF+ rN+ Int+2} for 681
                  | gold pieces
 20429 | D:12     | Received a gift from Okawaru
 20477 | D:12     | Got a polished hat {god gift}
 20483 | D:12     | Identified the +2 hat of Objectivity {rPois Int+3} (Okawaru
                  | gifted it to you on level 12 of the Dungeon)
 21522 | D:13     | Reached skill level 16 in Maces & Flails
 21931 | D:14     | Found Wexugaz's Magic Scroll Emporium.
 21934 | D:14     | Found a portal to a secret trove of treasure.
 22265 | D:14     | Found a transporter.
 22266 | D:14     | Noticed Lutooj's ghost (journeyman MiFi)
 22334 | D:14     | Found a frozen archway.
 22344 | IceCv    | Entered an ice cave
 22546 | IceCv    | Reached XP level 15. HP: 86/132 MP: 15/22
 22966 | IceCv    | Found an ancient bone altar of Kikubaaqudgha.
 23696 | D:14     | Noticed Josephine
 23714 | D:14     | Killed Josephine
 23737 | D:14     | Reached skill level 10 in Invocations
 23753 | D:14     | Received a gift from Okawaru
 23812 | D:14     | Found a transporter.
 23820 | D:14     | Noticed a fire giant
 24237 | D:14     | Found a gate to the Vaults.
 24502 | D:15     | Entered Level 15 of the Dungeon
 25078 | D:15     | Received a gift from Okawaru
 25480 | D:15     | Got a faintly glowing mace {god gift}
 25481 | D:15     | Identified the +2 mace "Xyihokuph" {holy, rElec} (Okawaru
                  | gifted it to you on level 15 of the Dungeon)
 25495 | D:15     | Found a staircase to the Depths.
 26443 | D:15     | Noticed Azrael
 26448 | D:15     | Killed Azrael
 26448 | D:15     | Received a gift from Okawaru
 26717 | Spider:1 | Entered Level 1 of the Spider Nest
 26764 | Lair:2   | Reached skill level 10 in Dodging
 27507 | Spider:2 | Reached XP level 16. HP: 141/144 MP: 20/23
 29305 | Spider:3 | Noticed Kirke
 29306 | Spider:3 | Found the +2 cloak of the Thief {+Fog Slay-2 SInv Stlth+}
 29323 | Spider:3 | Reached skill level 17 in Maces & Flails
 29746 | Spider:2 | Identified 2 scrolls of acquirement
 29764 | Spider:3 | Killed Kirke
 30223 | Spider:4 | Entered Level 4 of the Spider Nest
 30633 | Spider:4 | Received a gift from Okawaru
 32929 | Spider:4 | Got a gossamer rune of Zot
 33315 | Vaults:1 | Entered Level 1 of the Vaults
 33592 | Vaults:1 | Received a gift from Okawaru
 33696 | Vaults:1 | Reached XP level 17. HP: 143/154 MP: 22/24
 34697 | Vaults:1 | Reached skill level 10 in Evocations
 35480 | Vaults:1 | Reached skill level 15 in Fighting
 35486 | Vaults:1 | Received a gift from Okawaru
 36613 | Orc:2    | Bought an uncursed ring of protection from magic for 325
                  | gold pieces
 36791 | Shoals:1 | Entered Level 1 of the Shoals
 36811 | Shoals:1 | Noticed a kraken
 36903 | Shoals:1 | Killed a kraken
 36903 | Shoals:1 | Reached skill level 18 in Maces & Flails
 38064 | Depths:1 | Entered Level 1 of the Depths
 38532 | Depths:1 | Found a gateway to Hell.
 39090 | Depths:1 | Received a gift from Okawaru
 39093 | Depths:1 | Got a steaming shield {god gift}
 39104 | Depths:1 | Identified the +2 shield "Orygry" {MP+9} (Okawaru gifted it
                  | to you on level 1 of the Depths)
 40082 | Vaults:2 | Reached XP level 18. HP: 78/165 MP: 6/26
 41028 | Vaults:2 | Noticed a Brimstone Fiend
 41304 | Vaults:2 | Cast into level 3 of the Abyss (a deep elf demonologist)
 41350 | Abyss:3  | Gained mutation: Your body sometimes deteriorates upon
                  | taking damage. [a neqoxec]
 41449 | Abyss:3  | Received a gift from Okawaru
 41452 | Abyss:3  | Got a fine mace {god gift}
 41562 | Abyss:3  | Noticed a bone dragon
 41571 | Abyss:3  | Killed a bone dragon
 41963 | Abyss:3  | Paralysed by a floating eye for 2 turns
 42019 | Abyss:3  | Paralysed by a floating eye for 3 turns
 42034 | Abyss:3  | Received a gift from Okawaru
 42131 | Abyss:3  | Gained mutation: You occasionally shout uncontrollably at
                  | your foes. [a neqoxec]
 42133 | Abyss:3  | Gained mutation: You are weak. (Str -2) [a neqoxec]
 42139 | Abyss:3  | Gained mutation: You are frail. (-10% HP) [a neqoxec]
 42157 | Abyss:3  | Got an abyssal rune of Zot
 42187 | Abyss:3  | Gained mutation: [Scrolls take you a little longer to
                  | read.] [a shining eye]
 42268 | Abyss:3  | Noticed an iron giant
 42268 | Abyss:3  | Noticed a caustic shrike
 42268 | Abyss:3  | an iron giant changed into a caustic shrike
 42598 | Abyss:4  | Found a corrupted altar of Lugonu.
 42605 | Abyss:5  | Entered Level 5 of the Abyss
 42605 | Abyss:5  | Found a corrupted altar of Lugonu.
 42688 | Abyss:5  | Reached XP level 19. HP: 90/154 MP: 28/28
 42757 | Abyss:5  | Noticed a profane servitor
 42767 | Abyss:5  | Paralysed by accursed screaming for 1 turns
 42810 | Abyss:5  | Slain by an Executioner

Skill      XL: |  1  2  3  4  5  6  7  8  9 10 11 12 13 14 15 16 17 18 |
---------------+-------------------------------------------------------+-----
Maces & Flails | 3 4 5 6 7 8 10 11 14 15 16 17 18 | 18.7
Fighting       | 4 5 6 7 9 10 11 12 13 14 15 16 | 16.3
Dodging        | 3 5 6 7 8 10 11 12 13 | 13.2
Shields        | 4 6 7 8 9 10 11 12 13 14 | 14.6
Invocations    | 1 4 6 8 9 10 | 10.3
Evocations     | 3 5 7 8 9 11 12 | 12.1
Stealth        | |  0.5

Action                   |  1- 3 |  4- 6 |  7- 9 | 10-12 | 13-15 | 16-18 | 19-21 || total
-------------------------+-------+-------+-------+-------+-------+-------+-------++-------
Melee: Flail             |    92 |   231 |   448 |   657 |       |       |       ||  1428
       Tailslap          |     5 |    26 |    60 |   167 |   616 |   543 |     7 ||  1424
       Demon whip        |       |       |       |   437 |  2291 |   932 |       ||  3660
       Mace              |       |       |       |       |    65 |       |       ||    65
       Unarmed           |       |       |       |       |       |     9 |       ||     9
       Morningstar       |       |       |       |       |       |  1033 |    32 ||  1065
Invok: Heroism           |       |       |     7 |    11 |    18 |    14 |     1 ||    51
       Finesse           |       |       |       |     4 |    16 |    18 |     1 ||    39
Evoke: Lamp of fire      |       |       |       |       |       |     2 |       ||     2
  Use: Scroll            |       |     4 |     8 |     4 |    11 |    10 |     2 ||    39
       Potion            |       |     1 |       |     2 |     6 |    19 |     1 ||    29
 Stab: Sleeping          |     1 |     3 |     1 |     1 |     7 |     2 |       ||    15
       Distracted        |       |       |     1 |     1 |     1 |     2 |       ||     5
  Eat: Ration            |     1 |     1 |       |       |     7 |    11 |       ||    20
       Chunk             |       |     5 |    11 |    22 |    24 |    10 |       ||    72
Armor: Skin              |    36 |    61 |   166 |   204 |   299 |   346 |    19 ||  1131
Dodge: Dodged            |    45 |    83 |   292 |   410 |   999 |  1192 |    41 ||  3062
Block: Shield            |    55 |   104 |   233 |   437 |   902 |   428 |    57 ||  2216
       Buckler           |       |       |       |       |    34 |   367 |       ||   401
